 Dungeon Sprint DCSS version 0.21-a0-442-g848f44b (webtiles) character file.

2 Kidiri the Ruffian (level 1, -2/16 HPs)
             Began as a Draconian Transmuter on Nov 16, 2017.
             Slain by a scorpion (4 damage)
             ... in the Dungeon (Sprint III: "The Ten Rune Challenge").
             The game lasted 00:00:57 (83 turns).

Kidiri the Ruffian (Draconian Transmuter)             Turns: 83, Time: 00:00:58

Health: -2/16      AC:  4    Str: 12    XL:     1   Next: 33%
Magic:  2/3        EV: 12    Int: 13    God:
Gold:   17         SH:  0    Dex: 11    Spells: 3/4 levels left

rFire    . . .     SeeInvis .     - Unarmed
rCold    . . .     Gourm    .   (no shield)
rNeg     . . .     Faith    .   (armour unavailable)
rPois    .         Spirit   .   (helmet restricted)
rElec    .         Reflect  .   (no cloak)
rCorr    .         Harm     .   (no gloves)
MR       .....     NoTele   +   (no boots)
Stlth    +.........             (no amulet)
HPRegen  0.05/turn              (no ring)
MPRegen  0.08/turn              (no ring)

@: appendage (expiring)
A: unfitting armour, horns 2, cold-blooded, AC +4
a: End Transformation


You were in the Dungeon.
You were not hungry.
You had grown temporary horns.
You visited 1 branch You collected 17 gold pieces.

Inventory:

Missiles
 a - 12 arrows
Scrolls
 i - a scroll of blinking
Potions
 d - a potion of curing
 e - a potion of heal wounds
 f - a potion of haste
 g - 2 potions of magic
 h - a potion of berserk rage
Books
 b - a book of Changes

   Spells                             Type                      Level
   a - Beastly Appendage              Transmutation                1
   b - Sticks to Snakes               Transmutation                2
   c - Spider Form                    Transmutation/Poison         3
   d - Ice Form                       Ice/Transmutation            4
   e - Blade Hands                    Transmutation                5
Comestibles
 c - a bread ration
 j - 2 chunks of flesh


   Skills:
 + Level 1.4 Fighting
 * Level 2.1 Dodging
 + Level 0.4 Stealth
 * Level 3.2 Unarmed Combat
 + Level 2.1 Spellcasting
 * Level 2.3 Transmutations


You had 3 spell levels left.
You knew the following spells:

 Your Spells              Type           Power        Failure   Level  Hunger
a - Beastly Appendage     Tmut           #.....       10%         1    ##.....


Dungeon Overview and Level Annotations

Branches:
Dungeon (1/1)

Altars:


Innate Abilities, Weirdness & Mutations

Your plain brown scales are hard. (AC +4)
You cannot fit into any form of body armour.
You are cold-blooded and may be slowed by cold attacks.
You have a pair of horns on your head.


Message History

Your transformation is almost over.
The scorpion stings you!
Ouch! That really hurt!
You hit the scorpion.
The scorpion is moderately wounded.
The scorpion completely misses you.
You hit the scorpion.
Your tail-slap misses the scorpion.
The scorpion is moderately wounded.
The scorpion barely misses you.
You hit the scorpion. Your headbutt misses the scorpion.
The scorpion is heavily wounded.
The scorpion closely misses you.
You barely miss the scorpion.
The scorpion is heavily wounded.
The scorpion stings you!
* * * LOW HITPOINT WARNING * * *
You closely miss the scorpion. Your headbutt misses the scorpion.
The scorpion is heavily wounded.
The scorpion stings you.
You die...

▓▓▓▓ ▓▓▓▓▓ ▓<.#
+...♣♣♣♣ ▓..#
#......♣
▓#'####....♣.♣
▓.÷.÷.#....≈.♣♣
▓.....#...≈≈...
▓.....#s.≈≈≈≈.♣
▓####'#@.≈≈≈≈≈≈
▓(....#.≈≈≈≈≈≈.
▓.....#.≈≈≈≈≈..
▓.....#.≈≈≈....
▓'#####........
▓..............
▓▓▓▓▓▓▓▓▓▓▓▓▓▓▓


You could see a scorpion.

Vanquished Creatures
  4 rats (D)
4 creatures vanquished.

Vanquished Creatures (others)
  A hellion (D)
1 creature vanquished.

Grand Total: 5 creatures vanquished

Notes
Turn   | Place    | Note
-------+----------+-------------------------------------------
     0 | D        | Kidiri the Draconian Transmuter began the quest for the Orb.
     0 | D        | Reached XP level 1. HP: 16/16 MP: 3/3
    67 | D        | Killed a hellion
    73 | D        | Noticed a scorpion
    83 | D        | Slain by a scorpion

Vault maps used:
D:        dungeon_sprint_mu

Skill      XL: |  1 |
---------------+----+-----
Dodging        | 2 |  2.1
Fighting       | |  1.4
Stealth        | |  0.4
Unarmed Combat | |  3.2
Spellcasting   | |  2.1
Transmutations | |  2.3

Action                   || total
-------------------------++-------
Melee: Unarmed           ||    16
       Kick              ||     1
       Headbutt          ||     1
 Cast: Beastly Appendage ||     3
Armor: Skin              ||     4
Dodge: Dodged            ||     8

Table legend:
 A = Spawn XP
 B = Non-spawn XP
 C = Spawn XP percentage of total XP
 D = Spawn monster count
 E = Non-spawn monster count
 F = Spawn count percentage of total count
 G = Total turns spent on level
                    A         B        C        D         E        F      G
               +---------+---------+-------+---------+---------+-------+---------
         Total |       0 |       4 |   0.0 |       0 |       4 |   0.0 |    83
               +---------+---------+-------+---------+---------+-------+---------
             D |       0 |       4 |   0.0 |       0 |       4 |   0.0 |    83
               +---------+---------+-------+---------+---------+-------+---------
